 Dungeon Crawl Stone Soup version 0.28-a0-1389-gc726bef33b (webtiles) character file.

Game seed: 1740570805321475090

16 ChaosChampion the Insei (level 2, -1/18 HPs)
             Began as an Octopode Transmuter on Jan 3, 2022.
             Succumbed to a goblin's poison
             ... on level 1 of the Dungeon.
             The game lasted 00:00:33 (913 turns).

ChaosChampion the Insei (Octopode Transmuter)        Turns: 913, Time: 00:00:33

Health: -1/18      AC:  1    Str:  9    XL:     2   Next: 58%
Magic:  4/5        EV: 13    Int: 15    God:
Gold:   13         SH:  0    Dex: 12    Spells: 4/5 levels left

rFire   . . .      SeeInvis .     - Unarmed
rCold   . . .      Faith    .   (no shield)
rNeg    . . .      Spirit   .   (helmet currently unavailable)
rPois   .          Reflect  .   (no amulet)
rElec   .          Harm     .   (no ring)
rCorr   .          Rampage  .   (no ring)
Will    .....                   (no ring)
Stlth   ++........              (no ring)
HPRegen 0.06/turn               (no ring)
MPRegen 0.09/turn               (no ring)
                                (no ring)
                                (no ring)

@: lethally poisoned (-1 -> -13), appendages
A: tentacle spike 3, almost no armour, amphibious, 8 rings, camouflage 1,
gelatinous body 1, (nimble swimmer 1), tentacles
a: End Transformation


You were on level 1 of the Dungeon.
One of your tentacles had grown a beastly spike.
You visited 1 branch of the dungeon, and saw 1 of its levels.

You collected 13 gold pieces.

Inventory:

Scrolls
 a - a scroll of identify {unknown}


   Skills:
 + Level 1.3 Fighting
 + Level 2.2 Dodging
 * Level 3.3 Unarmed Combat
 - Level 2.0 Spellcasting
 + Level 2.2 Transmutations


You had 4 spell levels left.
You knew the following spells:

 Your Spells              Type           Power      Damage    Failure   Level
a - Beastly Appendage     Tmut           16%        N/A       9%          1

Your spell library contained the following spells:

 Spells                   Type           Power      Damage    Failure   Level
 Wereblood                Tmut           8%         N/A       13%         2
 Sting                    Tmut/Pois      16%        1d3       14%         1
 Poisonous Vapours        Pois/Air       2%         N/A       32%         2
 Spider Form              Tmut/Pois      4%         N/A       38%         3
 Ice Form                 Ice/Tmut       4%         N/A       80%         4
 Olgreb's Toxic Radiance  Pois           1%         N/A       91%         4


Dungeon Overview and Level Annotations

Branches:
Dungeon (1/15)

Altars:


Innate Abilities, Weirdness & Mutations

One of your tentacles has grown a beastly spike.
You cannot wear most types of armour.
You are amphibious.
You can wear up to eight rings at the same time.
Your skin changes colour to match your surroundings (Stealth+).
Your rubbery body absorbs attacks. (AC +1, EV +1)
((You are camouflaged when in or above water. (Stealth+)))
You have tentacles for arms and can constrict up to eight enemies at once.


Message History

Found a stone staircase leading down.
You see here a +0 robe.
Key pressed, stopping explore.
No target in view!
No target in view!
No target in view!
No target in view!
No target in view!
You now have 13 gold pieces (gained 10).
You open the large door.
A goblin and a kobold come into view.
The goblin is wielding a +0 dagger of venom.
The kobold shouts!
The goblin shouts!
Found 19 gold pieces.
There are monsters nearby!
Casting: Beastly Appendage (safe; 9% risk of failure)
Confirm with . or Enter, or press ? or * to list all spells.
One of your tentacles grows a vicious spike.
The orc shouts! x4; You hear a shout! x3; The orc shouts! x2
The goblin hits you with a +0 dagger of venom.
You are poisoned.
The kobold misses you.
The orc shouts!
You barely miss the kobold. Your grab misses the kobold.
You feel sick.
You hear a shout!
The kobold barely misses you. The goblin misses you.
You tentacle-slap the kobold. You grab the kobold.
The kobold is moderately wounded.
You constrict the kobold, but do no damage.
You feel sick.
The goblin hits you with a +0 dagger of venom.
You are lethally poisoned!
The kobold hits you with a +0 short sword.
* * * LOW HITPOINT WARNING * * *
You are too injured to fight recklessly!
You release your grip on the kobold.
* * * LOW HITPOINT WARNING * * *
You feel very sick.
The orc suddenly grunts, as Orcs often do.
You die...

#.#...###....⌠...#...#...#.....#.
#[#..............#.......##.##..#
#.#...########....#...#..##..#..#
#.#...#.⌠. ##....#...##..#.#.#.
#.#...#...g#####.....#......#..#.
#.....# ..o#$#.8......##......##.
#.#...# #.'K...........##..#.#
#.#...# #.'g.....##..#..#.).#.
..#...#..oB#$#.8@........#...#..#
..#...#.ooo# ###.......#.#.....#.
..#...#.⌠o ##..##....##...##...
#.#...########..#...#....#....##.
#.#........................##...#
#.###############################
#.......... #...######
#...#######


You could see an orc, 2 goblins and a kobold.

Vanquished Creatures
  2 dart slugs (D:1)
  A bat (D:1)
  2 hobgoblins (D:1)
  A kobold (D:1)
  3 quokkas (D:1)
  2 rats (D:1)
11 creatures vanquished.

Notes
Turn   | Place    | Note
-------+----------+-------------------------------------------
     0 | D:1      | ChaosChampion the Octopode Transmuter began the quest for
                  | the Orb.
     0 | D:1      | Reached XP level 1. HP: 13/13 MP: 3/3
   414 | D:1      | Reached XP level 2. HP: 18/18 MP: 3/5
   913 | D:1      | Succumbed to a goblin's poison

Illustrated notes

Levels and vault maps discovered:
D:1:      erik_arrival_cave_to_civilisation [erik_arrival_cave_to_temple],
          layout_basic, minivault_5

Action                   || total
-------------------------++-------
Melee: Unarmed           ||    35
       Constrict         ||    11
       Tentacles         ||     3
       Kick              ||     9
       Punch             ||     1
 Cast: Beastly Appendage ||     8
 Stab: Sleeping          ||     3
Armor: Skin              ||     1
Dodge: Dodged            ||    25

Table legend: (Time is in decaauts)
 A = Elapsed time spent in this place.
 B = Non-inter-level travel time spent in this place.
 C = Inter-level travel time spent in this place.
 D = Time resting spent in this place.
 E = Time spent auto-exploring this place.
 F = Levels seen in this place.
 G = Mean time per level.
                   A        B        C        D        E       F      G
               +--------+--------+--------+--------+--------+-----+--------+
         Total |    910 |    910 |      0 |    260 |    558 |   1 |  910.0 |
       Dungeon |    910 |    910 |      0 |    260 |    558 |   1 |  910.0 |
               +--------+--------+--------+--------+--------+-----+--------+

Top non-repeatable levels by time:
     D:1: 910 daAuts
